 Dungeon Crawl Stone Soup version 0.26-a0-660-gc07710193c (webtiles) character file.

Game seed: 8082510535550505197

41491 robertstho the Blocker (level 14, -7/82 HPs)
             Began as a Gargoyle Fighter on Oct 6, 2020.
             Was the Champion of the Shining One.
             Killed by divine providence
             ... invoked by a meliai
              (17 damage)
             ... on level 14 of the Dungeon.
             The game lasted 00:26:09 (13723 turns).

robertstho the Blocker (Gargoyle Fighter)          Turns: 13723, Time: 00:26:10

Health: -7/82      AC: 34    Str: 24    XL:     14   Next: 15%
Magic:  31/31      EV:  2    Int: 15    God:    the Shining One [******]
Gold:   949        SH: 19    Dex:  9    Spells: 13/13 levels left

rFire    x . .     SeeInvis .   v - +1 hand axe (elec)
rCold    + . .     Faith    .   m - +0 tower shield
rNeg     + + +     Spirit   .   k - +0 crystal plate armour
rPois    ∞         Reflect  .   z - +3 hat of Pondering {ponderous, MR+ MP+10 Int+5}
rElec    +         Harm     .   S - scarf {shadows}
rCorr    .         Rampage  .   (no gloves)
MR       ++...                  (no boots)
Stlth    ..........             g - amulet of magic regeneration
HPRegen  0.23/turn              (no ring)
MPRegen  0.47/turn              K - ring of ice

@: glowing, slow
A: big wings, frail 1, negative energy resistance 1, electricity resistance,
unbreathing, petrification resistance, rot immunity, AC +10
a: Fly, Divine Shield, Cleansing Flame, Summon Divine Warrior, Brand Weapon With
Holy Wrath, Renounce Religion


You were on level 14 of the Dungeon.
You worshipped the Shining One.
The Shining One was exalted by your worship.
You visited 2 branches of the dungeon, and saw 15 of its levels.
You also visited: Sewer, Ossuary and Bailey.

You collected 1471 gold pieces.
You spent 522 gold pieces at shops.

Inventory:

Hand Weapons
 q - a +4 demon trident of venom
 v - a +1 hand axe of electrocution (weapon)
Armour
 c - a scarf of invisibility
 k - a +0 crystal plate armour (worn)
 m - a +0 tower shield (worn)
 z - the +3 hat of Pondering (worn) {ponderous, MR+ MP+10 Int+5}
   (You took it off Gastronok on level 12 of the Dungeon)

   It affects your intelligence (+5).
   It affects your resistance to hostile enchantments.
   It affects your magic capacity (+10).
 S - a scarf of shadows (worn)
Jewellery
 g - an amulet of magic regeneration (around neck)
 j - a +4 ring of evasion
 l - an uncursed ring of protection from fire
 s - a +6 ring of strength {unknown}
 C - an uncursed ring of stealth
 K - a ring of ice (right hand)
Wands
 d - a wand of digging (4)
 t - a wand of flame (31)
 y - a wand of disintegration (11)
 B - a wand of iceblast (21)
 E - a wand of polymorph (12)
 L - a wand of paralysis (11)
Scrolls
 b - 7 scrolls of amnesia {unknown}
 e - 8 scrolls of remove curse
 f - 2 scrolls of blinking
 n - 6 scrolls of teleportation
 o - 4 scrolls of fear
 p - 2 scrolls of identify
 w - 2 scrolls of immolation
 x - 2 scrolls of silence
 F - a scroll of summoning
 H - a scroll of fog
 I - 3 scrolls of enchant weapon
 M - 2 scrolls of brand weapon
 N - 4 scrolls of magic mapping
 O - a scroll of enchant armour
Potions
 a - a potion of resistance {unknown}
 h - a potion of ambrosia
 i - a potion of might
 r - a potion of mutation {unknown}
 A - a potion of flight
 D - 3 potions of haste
 G - a potion of cancellation
 P - a potion of curing
Miscellaneous
 R - a tin of tremorstones (3/3)


   Skills:
 * Level 12.0 Fighting
 + Level 12.1 Axes
 * Level 11.0 Armour
 + Level 0.2 Dodging
 + Level 12.6 Shields
 * Level 10.0 Invocations


You had 13 spell levels left.
You didn't know any spells.
Your spell library contained the following spells:

 Spells                   Type           Power        Failure   Level
 Animate Skeleton         Necr           #.....       100%        1
 Beastly Appendage        Tmut           #.....       100%        1
 Corona                   Hex            #......      100%        1
 Pain                     Necr           #...         100%        1
 Ensorcelled Hibernation  Hex/Ice        #.....       100%        2
 Wereblood                Tmut           #.......     100%        2
 Confusing Touch          Hex            #.......     100%        3
 Dazzling Flash           Conj/Hex       #.....       100%        3
 Spider Form              Tmut/Pois      #.........   100%        3
 Tukima's Dance           Hex            #.......     100%        3
 Vampiric Draining        Necr           #.........   100%        3
 Animate Dead             Necr           #.........   100%        4
 Ice Form                 Ice/Tmut       #.......     100%        4
 Agony                    Necr           #.......     100%        5
 Blade Hands              Tmut           #.........   100%        5


Dungeon Overview and Level Annotations

Branches:
Dungeon (14/15)            Temple (1/1) D:4            Lair (0/6) D:8
    Orc (0/2) D:12         Vaults (0/5) D:13          Sewer (visited)
Ossuary (visited)          Bailey (visited)

Altars:
Ashenzari
Cheibriados
Dithmenos
Elyvilon
Fedhas
Gozag
Hepliaklqana
Kikubaaqudgha
Makhleb
Nemelex Xobeh
Okawaru
Qazlal
Ru
Sif Muna
Trog
Uskayaw
Vehumet
Wu Jian
Xom
Yredelemnul
Zin
The Shining One

Shops:
D:8 ?   D:9 =:*:!

Annotations:
D:3 1 runed translucent door, dickylongcocking's ghost, amateur OpTm
D:13 1 runed translucent door, Huckig's ghost, journeyman MiFi


Innate Abilities, Weirdness & Mutations

You are resistant to torment.
Your stone body is resilient. (AC +10)
You are immune to poison.
Your large and strong wings let you fly indefinitely.
You resist negative energy. (rN+)
You are resistant to electric shocks. (rElec)
You can survive without breathing.
You are immune to petrification.
You are immune to rotting.
You are frail. (-10% HP)


Message History

You are too injured to fight recklessly!
Unknown command.
You are too injured to fight recklessly!
Unknown command.
You are too injured to fight recklessly!
Unknown command.
You are too injured to fight recklessly!
You hit the meliai but do no damage.
The meliai is almost dead.
You hit the cyclops.
The meliai mumbles some strange prayers to its god against you.
Something smites you!
* * * LOW HITPOINT WARNING * * *
The cyclops hits you!
* * * LOW HITPOINT WARNING * * *
Press: ? - help, Dir - move target cursor
As you read the scroll of blinking, it crumbles to dust.
The meliai invokes the aid of its god against you.
Something smites you!
You die...

....... #.... .....
#....#####.... ## #....
#........#.... ...#...#
#....... #.... .....Cy#
#...... #....
.>...)§#####....#####.)..
...#............#........
#####........#........
#....@.......#........
#<......#....#...#####
#...#...#........)..#
#####...#...........#
#...######......#
#........#......#
#####....######## #....#
#....#


You could see a cyclops and a meliai.

Vanquished Creatures
  Rupert (D:13)
  Frances (D:14)
  Gastronok (D:12)
  Nessos (D:12)
  3 vault guards (D:13)
  An ogre mage (D:13)
  A centaur warrior (D:13)
  2 two-headed ogres
  2 tengu warriors (D:13)
  3 orc knights
  7 ugly things
  A deep elf mage (D:12)
  2 gargoyles (D:13)
  A komodo dragon (D:12)
  Maggie (D:6)
  A yaktaur (D:13)
  A harpy zombie (D:14)
  3 trolls
  2 tengu conjurers (D:13)
  A hornet (D:12)
  2 meliai (D:14)
  A centaur simulacrum (D:13)
  2 wraiths
  6 wyverns
  41 yaks
  A tarantella (shapeshifter) (D:13)
  7 vampire mosquitoes (D:14)
  An acid dragon (D:12)
  4 water moccasins (D:8)
  13 orc warriors
  Duvessa (D:5)
  6 black bears
  Purgy (Sewer)
  3 ice beasts
  7 sky beasts
  4 phantoms
  An eye of draining (D:13)
  2 necrophages
  12 centaurs
  3 boggarts (D:14)
  13 ogres
  3 wolves (D:8)
  4 big kobolds
  11 bullfrogs
  A wyvern zombie (D:10)
  Dowan (D:5)
  A wyvern skeleton (D:10)
  6 scorpions
  14 killer bees
  16 wights
  A howler monkey (D:7)
  A centaur zombie (D:8)
  5 hounds
  A bullfrog zombie (D:6)
  2 human zombies (Ossuary)
  15 orc priests
  5 bullfrog skeletons
  A centaur skeleton (D:4)
  5 jellies
  15 worker ants
  8 iguanas
  16 orc wizards
  2 killer bee zombies (D:8)
  A hound zombie (Ossuary)
  4 mummies (Ossuary)
  Robin (D:3)
  A worker ant zombie (D:5)
  8 gnolls
  12 adders
  5 white imps
  3 ufetubi
  An ooze (D:5)
  An adder zombie (Ossuary)
  4 worms
  3 dart slugs
  8 leopard geckos
  85 orcs
  3 ball pythons
  5 bats
  9 giant cockroaches
  24 goblins
  13 hobgoblins
  7 jackals
  25 kobolds
  5 quokkas
  6 frilled lizards
  A goblin zombie (Ossuary)
  2 hobgoblin zombies (Ossuary)
  A jackal skeleton (D:6)
  A jackal zombie (Ossuary)
  A kobold zombie (Ossuary)
  A leopard gecko skeleton (D:4)
  2 leopard gecko zombies
  An orc zombie (Ossuary)
  A quokka skeleton (D:3)
  11 rats
  2 rat zombies (Ossuary)
559 creatures vanquished.

Vanquished Creatures (collateral kills)
  A hydra (D:14)
  A tengu warrior (D:13)
  Urug (D:13)
  A gargoyle (D:13)
  A tengu conjurer (D:13)
  An orc warrior (D:13)
  An ogre (D:14)
  3 orc priests (D:13)
  An orc (D:13)
11 creatures vanquished.

Vanquished Creatures (others)
  An orc wizard (D:4)
  A fungus (D:8)
  6 plants
8 creatures vanquished.

Grand Total: 578 creatures vanquished

Notes
Turn   | Place    | Note
-------+----------+-------------------------------------------
     0 | D:1      | robertstho the Gargoyle Fighter began the quest for the
                  | Orb.
     0 | D:1      | Reached XP level 1. HP: 14/14 MP: 1/1
    35 | D:1      | Reached XP level 2. HP: 19/19 MP: 2/2
   766 | D:2      | Reached XP level 3. HP: 23/24 MP: 3/3
  1070 | D:2      | Reached XP level 4. HP: 21/29 MP: 4/4
  1856 | D:3      | Noticed Robin
  1866 | D:3      | Reached XP level 5. HP: 20/34 MP: 5/5
  1867 | D:3      | Killed Robin
  2046 | D:3      | Found a glowing drain.
  2069 | Sewer    | Entered a sewer
  2192 | Sewer    | Noticed Purgy
  2233 | Sewer    | Killed Purgy
  2233 | Sewer    | Reached XP level 6. HP: 22/39 MP: 6/6
  2455 | D:3      | Found a runed translucent door.
  2455 | D:3      | Noticed dickylongcocking's ghost (amateur OpTm)
  2483 | D:3      | You fall into a shaft and drop 1 floor!
  2895 | D:4      | Reached skill level 5 in Fighting
  2902 | D:4      | Reached skill level 5 in Shields
  2902 | D:4      | Reached XP level 7. HP: 25/44 MP: 7/7
  2929 | D:4      | Reached skill level 5 in Armour
  3531 | D:4      | Reached skill level 5 in Axes
  3531 | D:4      | Reached XP level 8. HP: 50/50 MP: 8/8
  3634 | D:4      | Found a staircase to the Ecumenical Temple.
  3665 | Temple   | Entered the Ecumenical Temple
  3746 | Temple   | Became a worshipper of the Shining One
  3764 | D:5      | Entered Level 5 of the Dungeon
  3796 | D:5      | Reached skill level 1 in Invocations
  4038 | D:5      | Noticed Duvessa
  4038 | D:5      | Noticed Dowan
  4048 | D:5      | Killed Duvessa
  4056 | D:5      | Killed Dowan
  4480 | D:5      | Reached XP level 9. HP: 55/55 MP: 10/10
  4713 | D:6      | Reached * piety under the Shining One
  4742 | D:6      | Found a shimmering blue altar of Sif Muna.
  4746 | D:6      | Found a white marble altar of Elyvilon.
  4750 | D:6      | Found a broken altar of Ashenzari.
  4757 | D:6      | Found a shimmering altar of Xom.
  4757 | D:6      | Found a shadowy altar of Dithmenos.
  4757 | D:6      | Found a radiant altar of Vehumet.
  4760 | D:6      | Found a stormy altar of Qazlal.
  4761 | D:6      | Found a blossoming altar of Fedhas.
  4762 | D:6      | Found a basalt altar of Yredelemnul.
  4902 | D:6      | Found a sand-covered staircase.
  4909 | Ossuary  | Entered an ossuary
  4909 | Ossuary  | Reached ** piety under the Shining One
  5341 | D:6      | Noticed Maggie
  5358 | D:6      | Killed Maggie
  5529 | D:7      | Reached *** piety under the Shining One
  5573 | D:7      | Reached XP level 10. HP: 63/63 MP: 13/13
  5832 | D:7      | Found an ornate altar of the Wu Jian Council.
  6101 | D:8      | Reached skill level 5 in Invocations
  6180 | D:8      | Found a staircase to the Lair.
  6188 | D:8      | Found Wuuriug's Magic Scroll Boutique.
  6206 | D:8      | Reached **** piety under the Shining One
  6411 | D:8      | Bought a scroll of summoning for 142 gold pieces
  6411 | D:8      | Bought a scroll of identify for 30 gold pieces
  6411 | D:8      | Bought a scroll of fog for 30 gold pieces
  6411 | D:8      | Bought a scroll of immolation for 52 gold pieces
  6411 | D:8      | Bought a scroll of silence for 112 gold pieces
  6411 | D:8      | Bought a scroll of enchant weapon for 112 gold pieces
  6537 | D:8      | Found an iron altar of Okawaru.
  6584 | D:8      | Found a snail-covered altar of Cheibriados.
  6770 | D:9      | Found Punud's Distillery.
  6773 | D:9      | Bought a potion of stabbing for 44 gold pieces
  6791 | D:9      | Found Vaqayvidd's Book Shop.
  6819 | D:9      | Reached XP level 11. HP: 60/69 MP: 15/15
  6893 | D:9      | Found Fux Uliu's Jewellery Boutique.
  6946 | D:9      | Reached ***** piety under the Shining One
  7065 | D:9      | Found Vuupau's Book Boutique.
  7077 | D:9      | Noticed a two-headed ogre
  7086 | D:9      | Killed a two-headed ogre
  7373 | D:9      | Found Liacannyx's General Store.
  7397 | D:9      | Found a white marble altar of Elyvilon.
  7639 | D:10     | Entered Level 10 of the Dungeon
  8663 | D:11     | Found a broken altar of Ashenzari.
  8706 | D:11     | Reached skill level 10 in Axes
  8866 | D:11     | Noticed a green ugly thing
  8891 | D:11     | Killed a green ugly thing
  8891 | D:11     | Reached XP level 12. HP: 49/76 MP: 17/17
  9075 | D:11     | Reached skill level 10 in Shields
  9152 | D:11     | Found a flagged portal.
  9163 | D:11     | Noticed a two-headed ogre
  9181 | D:11     | Killed a two-headed ogre
  9185 | Bailey   | Entered a bailey
  9787 | D:12     | Reached skill level 10 in Fighting
 10018 | D:12     | Found a staircase to the Orcish Mines.
 10103 | D:12     | Noticed Nessos
 10131 | D:12     | Killed Nessos
 10607 | D:12     | Noticed Gastronok
 10643 | D:12     | Killed Gastronok
 10643 | D:12     | Reached skill level 10 in Armour
 10769 | D:12     | Reached XP level 13. HP: 84/84 MP: 19/19
 11468 | D:13     | Reached ****** piety under the Shining One
 11615 | D:13     | Noticed a vault guard
 11848 | D:13     | Found a runed translucent door.
 11848 | D:13     | Found a shimmering altar of Xom.
 11848 | D:13     | Noticed Huckig's ghost (journeyman MiFi)
 11937 | D:13     | Noticed Urug
 11954 | D:13     | Killed Urug
 12246 | D:13     | Noticed an ogre mage
 12254 | D:13     | Killed an ogre mage
 12306 | D:13     | Killed a vault guard
 12351 | D:13     | Found a gate to the Vaults.
 12351 | D:13     | Noticed a vault guard
 12352 | D:13     | Noticed a vault guard
 12365 | D:13     | Killed a vault guard
 12378 | D:13     | Killed a vault guard
 12643 | D:13     | Noticed Rupert
 12668 | D:13     | Killed Rupert
 13112 | D:14     | Noticed Frances
 13124 | D:14     | Gained mutation: You are frail. (-10% HP) [a neqoxec]
 13129 | D:14     | HP: 2/76 [Frances/iron shot (27)]
 13134 | D:14     | Killed Frances
 13488 | D:14     | Gained mutation: Your large and strong wings let you fly
                  | indefinitely. [Gargoyle growth]
 13488 | D:14     | Reached XP level 14. HP: 77/81 MP: 21/21
 13514 | D:14     | Reached skill level 10 in Invocations
 13723 | D:14     | Killed from afar by a meliai

Illustrated notes

Levels and vault maps discovered:
D:1:      dpeg_arrival_water_temple_mockup, layout_basic
D:2:      layout_loops_ring, kennysheep_generic_room_10
D:3:      layout_rooms, hellmonk_ghost_happy_afterlife, portal_sewer_entry_b,
          uniq_robin
D:4:      layout_rooms, minmay_temple_entry_offerings
D:5:      layout_loops_cross, minivault_23, uniq_duvessa
D:6:      layout_rooms, minitemple, chequers_ossuary_entry_cave,
          lemuel_flamethrower_1, uniq_maggie
D:7:      layout_basic, nicolae_overflow_crystal_walls
D:8:      layout_cave_pools, chequers_temple_overflow_statue_of_worship,
          minmay_lair_entry_grove, serial_shops, shop
D:9:      layout_basic, serial_shops, nicolae_shop_statue_plus, shop, shop,
          shop, shop_fountains, serial_bayou_pond_e, elyvilon_altar_3
D:10:     minmay_inner_zag, layout_cave_pods, minmay_variable_closet
D:11:     layout_loops_cross, enter_bailey_3, ashenzari_altar_1
D:12:     wad_cavern_with_rooms, layout_loops_corners, orc_0_dummy,
          uniq_gastronok, uniq_nessos
D:13:     layout_stronghold, grunt_vaults_entry_fortified, ebering_ghost_xom,
          grunt_ministairs_9, uniq_rupert, uniq_urug
D:14:     layout_grid_maze, uniq_frances
Temple:   compressed_dpeg_circular_temple

Skill      XL: |  1  2  3  4  5  6  7  8  9 10 11 12 13 14 |
---------------+-------------------------------------------+-----
Axes           | 2 3 5 6 7 9 10 11 12 | 12.1
Fighting       | 4 5 6 7 8 9 10 11 12 | 12.0
Armour         | 4 5 6 7 9 10 11 | 11.0
Shields        | 4 5 6 7 8 9 11 12 | 12.6
Invocations    | 2 4 5 7 8 9 10 | 10.0
Dodging        | |  0.2

Action                   |  1- 3 |  4- 6 |  7- 9 | 10-12 | 13-15 || total
-------------------------+-------+-------+-------+-------+-------++-------
Melee: War axe           |   113 |   217 |   188 |       |       ||   518
       Hand axe          |       |       |   164 |   788 |   368 ||  1320
Invok: Divine Shield     |       |       |       |       |     2 ||     2
       Summon Divine War |       |       |       |       |     2 ||     2
Evoke: Wand              |       |       |       |       |     1 ||     1
  Use: Scroll            |       |     5 |     3 |    10 |     1 ||    19
       Potion            |       |     1 |     7 |       |     4 ||    12
Armor: Scale mail        |    22 |       |       |       |       ||    22
       Chain mail        |    57 |    75 |       |       |       ||   132
       Crystal plate arm |       |   120 |   268 |   420 |   199 ||  1007
       Skin              |       |       |     9 |       |       ||     9
Dodge: Dodged            |    26 |    27 |    14 |   106 |    14 ||   187
Block: Kite shield       |    67 |    34 |       |       |       ||   101
       Tower shield      |       |   189 |   326 |   747 |   299 ||  1561

Table legend: (Time is in decaauts)
 A = Elapsed time spent in this place.
 B = Non-inter-level travel time spent in this place.
 C = Inter-level travel time spent in this place.
 D = Time resting spent in this place.
 E = Time spent auto-exploring this place.
 F = Levels seen in this place.
 G = Mean time per level.
                   A        B        C        D        E       F      G
               +--------+--------+--------+--------+--------+-----+--------+
         Total |  14052 |  13673 |    379 |    873 |   9358 |  18 |  780.7 |
       Dungeon |  13228 |  12859 |    369 |    873 |   8862 |  14 |  944.9 |
        Temple |     90 |     81 |      9 |      0 |     77 |   1 |   90.0 |
         Sewer |    346 |    346 |      0 |      0 |    227 |   1 |  346.0 |
       Ossuary |    237 |    237 |      0 |      0 |    172 |   1 |  237.0 |
        Bailey |    150 |    150 |      0 |      0 |     20 |   1 |  150.0 |
               +--------+--------+--------+--------+--------+-----+--------+

Top non-repeatable levels by time:
    D:13: 1834 daAuts
    D:12: 1533 daAuts
     D:2: 1069 daAuts
     D:4: 1033 daAuts
    D:10: 998 daAuts
     D:5: 983 daAuts
    D:11: 972 daAuts
     D:9: 863 daAuts
     D:1: 782 daAuts
     D:8: 685 daAuts
    D:14: 681 daAuts
     D:3: 642 daAuts
     D:7: 619 daAuts
     D:6: 527 daAuts
   Sewer: 346 daAuts
